 Dungeon Crawl Stone Soup version 0.29.1-15-g9cfb28693d (webtiles) character file.

Game seed: 4968314312787846935

116 cdecastro the Chopper (level 5, -1/45 HPs)
             Began as a Hill Orc Fighter on Apr 11, 2023.
             Slain by a killer bee (6 damage)
             ... on level 4 of the Dungeon.
             The game lasted 00:03:57 (2884 turns).

cdecastro the Chopper (Hill Orc Fighter)            Turns: 2884, Time: 00:03:57

Health: -1/45      AC: 10    Str: 21    XL:     5   Next: 0%
Magic:  5/5        EV:  9    Int:  8    God:
Gold:   107        SH:  0    Dex: 10    Spells: 4/4 levels left

rFire   . . .      SeeInvis .   a - +0 war axe
rCold   . . .      Faith    .   (no shield)
rNeg    . . .      Spirit   .   b - +0 scale mail
rPois   .          Reflect  .   o - +0 helmet
rElec   .          Harm     .   (no cloak)
rCorr   .          Rampage  .   r - +1 pair of gloves
Will    .....                   (no boots)
Stlth   ..........              (no amulet)
HPRegen 0.15/turn               (no ring)
MPRegen 0.09/turn               (no ring)

@: mighty, lethally poisoned (-1 -> -3)
A: no striking features
a: no special abilities


You were on level 4 of the Dungeon.
You visited 1 branch of the dungeon, and saw 4 of its levels.

You collected 162 gold pieces.
You spent 55 gold pieces at shops.

Inventory:

Hand Weapons
 a - a +0 war axe (weapon)
Missiles
 q - 2 datura-tipped darts (quivered)
Armour
 b - a +0 scale mail (worn)
 c - a +0 buckler
 o - a +0 helmet (worn)
 r - a +1 pair of gloves (worn)
Jewellery
 n - a ring of ice
Scrolls
 e - 3 scrolls of noise {unknown}
 f - 2 scrolls of magic mapping {unknown}
 h - 3 scrolls of teleportation {unknown}
 j - a scroll of fog {unknown}
 k - 3 scrolls of identify {unknown}
 l - a scroll of fear {unknown}
Potions
 g - 2 potions of attraction {unknown}
 i - 2 potions of flight {unknown}
 m - a potion of ambrosia {unknown}
 p - a potion of cancellation {unknown}
 s - a potion of lignification {unknown}
 t - a potion of curing {unknown}
 u - a potion of brilliance {unknown}
 v - a potion of degeneration {unknown}


   Skills:
 - Level 3.6 Fighting
 + Level 6.6 Axes
 - Level 3.2 Armour
 - Level 3.2 Shields


You had 4 spell levels left.
You didn't know any spells.
Your spell library contained the following spells:

 Spells                   Type           Power      Damage    Failure   Level
 Ensorcelled Hibernation  Hex/Ice        0%         N/A       87%         2
 Spider Form              Tmut/Pois      0%         N/A       98%         3
 Stone Arrow              Conj/Erth      0%         3d7       98%         3
 Anguish                  Hex/Necr       0%         N/A       100%        4
 Animate Armour           Summ/Erth      0%         N/A       100%        4
 Lehudib's Crystal Spear  Conj/Erth      0%         10d2      100%        8


Dungeon Overview and Level Annotations

Branches:
Dungeon (4/15)
 Temple: D:4-7

Altars:

Shops:
D:3 *

Annotations:
D:4 Dowan, Duvessa


Message History

The killer bee poisons you!
You feel very mighty all of a sudden.
You feel very sick.
The killer bee stings you but does no damage.
A goblin comes into view. It is wielding a +0 dagger.
The killer bee stings you but does no damage.
Unknown command.
You closely miss the killer bee.
You feel very sick.
The goblin shouts!
The killer bee stings you!
* * * LOW HITPOINT WARNING * * *
The killer bee stings you.
* * * LOW HITPOINT WARNING * * *
You barely miss the killer bee.
You feel sick. The killer bee stings you.
* * * LOW HITPOINT WARNING * * *
The killer bee closely misses you.
The killer bee stings you but does no damage.
Unknown command.
You hit the killer bee.
The killer bee is moderately wounded.
You feel sick.
The killer bee stings you but does no damage. x2
Unknown command.
You barely miss the killer bee.
The killer bee is moderately wounded.
You feel sick. The killer bee closely misses you.
The killer bee completely misses you.
Unknown command.
You closely miss the killer bee.
The killer bee is moderately wounded.
You feel sick. The killer bee stings you.
* * * LOW HITPOINT WARNING * * *
The killer bee stings you but does no damage.
The killer bee closely misses you.
Unknown command.
You slash the killer bee!
The killer bee is almost dead.
You feel sick. The killer bee stings you.
You die...

#.##. #... #. ...
# #. ....#
###.###.#.
......$.. ##. .#
#....###yg... ...
.. #..#.@yyyyg..
...
##.##..#.###ee...
...##.......# ##.
#........### ###
#...#####.#
..##.# #.## #.#
##..#####.###>#
#..##........#
#..##.##.#####


You could see Duvessa, Dowan, 5 killer bees, a hobgoblin and a goblin.

Vanquished Creatures
  4 adders (D:3)
  2 worms (D:2)
  A dart slug (D:3)
  6 orcs (D:3)
  9 endoplasms
  3 giant cockroaches
  7 hobgoblins
  2 quokkas (D:1)
  4 ball pythons
  8 bats
  4 frilled lizards
  4 goblins
  5 kobolds
  7 rats
66 creatures vanquished.

Vanquished Creatures (others)
  3 plants (D:3)
3 creatures vanquished.

Grand Total: 69 creatures vanquished

Notes
Turn   | Place    | Note
-------+----------+-------------------------------------------
     0 | D:1      | cdecastro the Hill Orc Fighter began the quest for the Orb.
     0 | D:1      | Reached XP level 1. HP: 19/19 MP: 1/1
    47 | D:1      | Reached skill level 3 in Axes
   318 | D:1      | Reached XP level 2. HP: 26/26 MP: 2/2
   509 | D:1      | Reached skill level 4 in Axes
   675 | D:1      | Found a faded altar of an unknown god.
   998 | D:2      | Reached XP level 3. HP: 31/31 MP: 3/3
  1300 | D:2      | Reached skill level 5 in Axes
  1910 | D:3      | Reached XP level 4. HP: 38/39 MP: 4/4
  2162 | D:3      | Reached skill level 6 in Axes
  2280 | D:3      | Found Hiqoutz's Assorted Antiques.
  2307 | D:3      | Bought a grey potion for 26 gold pieces
  2307 | D:3      | Bought a scroll labelled FINIULE MUKI for 29 gold pieces
  2854 | D:4      | Reached XP level 5. HP: 42/45 MP: 5/5
  2874 | D:4      | Noticed Dowan
  2876 | D:4      | Noticed Duvessa
  2884 | D:4      | Slain by a killer bee

Illustrated notes

Levels and vault maps discovered:
D:1:      nzn_arrival_settlement, layout_loops_ring,
          ebering_ecumenical_altar_webs
D:2:      layout_loops_ring, st_stairs_4, minmay_misc_feat_ornament
D:3:      layout_basic, serial_shops, nicolae_shop_overgrown_old_shop,
          chequers_serial_rivers_micro_d
D:4:      layout_loops_cross, mainiacjoe_overflow_alcove_1,
          mainiacjoe_overflow_small_starburst, gup_sewer_entry_glass,
          serial_shops, shop, uniq_duvessa, uniq_blork_the_orc

Skill      XL: |  1  2  3  4 |
---------------+-------------+-----
Axes           | 3 4 5 6 |  6.6
Fighting       | |  3.6
Armour         | |  3.2
Shields        | |  3.2

Action                   |  1- 3 |  4- 6 || total
-------------------------+-------+-------++-------
Melee: War axe           |   114 |    63 ||   177
  Use: Potion            |       |     1 ||     1
 Stab: Held in net/web   |     1 |       ||     1
Armor: Scale mail        |    78 |    48 ||   126
Dodge: Dodged            |    64 |    34 ||    98
